Map: Chantier naval orbital

Players

AgCl

  • Race: Protoss Protoss
  • League: Grandmaster

YumYum - Winner!

  • Race: Protoss Protoss
  • League: Grandmaster

VOD

Have the link to the VOD?

Description

Time

  • Played on: July 2, 2015, 3:49 p.m.
  • Length: 5:22
Show
View Real Time Build Order
Export as new Build Order

AgCl Protoss 

Build Orders: Oracle Opening 

Get SALT Encoding   

  12  0:02  Probe  
  13  0:16  Pylon  
  13  0:18  Probe  
  14  0:30  Assimilator  
  14  0:36  Gateway  
  14  0:41  Probe  
  15  0:53  Probe  
  16  1:05  Probe  
  17  1:15  Pylon  
  17  1:17  Probe  
  18  1:28  Cybernetics Core  
  18  1:29  Probe  
  19  1:41  Probe  
  19  1:42  Assimilator  
  20  1:53  Probe (Chrono Boost)  
  21  2:05  Probe (Chrono Boost)  
  21  2:07  Stargate  
  22  2:14  Probe (Chrono Boost)  
  23  2:21  Warp Gate  
  24  2:22  Probe  
  23  2:35  Mothership Core (Chrono Boost)  
  25  2:45  Nexus  
  27  3:00  Oracle (Chrono Boost)  
  28  3:11  Pylon  
  28  3:15  Probe (Chrono Boost)  
  29  3:25  Probe (Chrono Boost), Pylon  
  30  3:31  Gateway  
  30  3:33  Probe  
  30  3:45  Probe  
  31  3:55  Gateway  
  31  3:57  Probe  
  31  4:01  Twilight Council, Probe (Chrono Boost)  
  33  4:03  Robotics Facility  
  33  4:10  Probe (Chrono Boost)  
  35  4:19  Probe (Chrono Boost)  
  35  4:20  Probe (Chrono Boost)  
  35  4:22  Void Ray (Chrono Boost)  
  40  4:29  Probe  
  40  4:30  Assimilator  
  40  4:31  Probe  
  42  4:41  Probe  
  42  4:43  Probe  
  42  4:52  Immortal (Chrono Boost)  
  46  4:53  Probe  
  46  4:55  Stalker, Probe  
  50  5:05  Pylon  
Show
View Real Time Build Order
Export as new Build Order

YumYum Protoss - Winner!

Build Orders:  

Get SALT Encoding   

  12  0:01  Probe  
  13  0:13  Pylon  
  13  0:18  Probe  
  14  0:31  Probe (Chrono Boost)  
  15  0:40  Gateway  
  15  0:41  Probe (Chrono Boost)  
  16  0:48  Probe  
  17  0:51  Assimilator  
  17  1:00  Probe  
  17  1:02  Assimilator  
  18  1:13  Probe  
  19  1:25  Probe  
  20  1:28  Cybernetics Core  
  19  1:37  Probe (Chrono Boost)  
  20  1:44  Pylon  
  21  1:47  Probe (Chrono Boost)  
  21  1:58  Probe  
  22  2:04  Gateway  
  22  2:05  Adept (Chrono Boost)  
  22  2:08  Warp Gate (Chrono Boost)  
  24  2:11  Probe  
  25  2:24  Mothership Core  
  27  2:32  Adept (Chrono Boost)  
  29  2:39  Pylon  
  29  2:48  Gateway  
  29  2:57  Adept, Pylon  
  31  3:04  Pylon  
  31  3:07  Probe  
  31  3:10  Adept  
  33  4:01  Stalker  
  35  4:02  Stalker  
  35  4:03  Stalker  
  37  4:17  Nexus  
  37  4:18  Pylon  
  37  4:22  Stalker  
  39  4:24  Stalker, Gateway  
  39  4:29  Stalker  
  42  4:49  Stalker x2  
  46  5:10  Stalker  
  46  5:12  Stalker x2  
Tags
 
Add a new tag
Caveats
  • Supply blocks, unpowered buildings, or Contaminate may cause inaccurate times.
  • Supply counts are checked every 10 seconds.